 Dungeon Crawl Stone Soup version 0.30.1-10-g1249ef9ec4 (webtiles) character file.

Game seed: 14593165761565925696

154 lonewolfV2 the Shield-Bearer (level 5, 0/41 HPs)
             Began as a Demonspawn Fighter on Oct 26, 2023.
             Killed from afar by an orc wizard (8 damage)
             ... with a magic dart
             ... on level 3 of the Dungeon.
             The game lasted 00:04:43 (2393 turns).

lonewolfV2 the Shield-Bearer (Demonspawn Fighter)   Turns: 2393, Time: 00:04:44

Health: 0/41       AC:  6    Str: 18    XL:     5   Next: 13%
Magic:  5/5        EV: 12    Int: 10    God:
Gold:   181        SH:  0    Dex: 12    Spells: 4/4 levels left

rFire   . . .        a - +0 war axe (chaos)
rCold   . . .        k - +0 tower shield
rNeg    . . .        b - +0 scale mail
rPois   .            (no helmet)
rElec   .            (no cloak)
rCorr   .            (no gloves)
SInv    .            (no boots)
Will    .....        (no amulet) Stlth
                     f - ring of wizardry
HPRegen 0.26/turn    i - +5 ring of evasion
MPRegen 0.09/turn

%: wizardry (x1)
@: confused
A: condensation shield, weakness stinger 1
a: no special abilities


You were on level 3 of the Dungeon.
You visited 1 branch of the dungeon, and saw 3 of its levels.

You collected 181 gold pieces.

Inventory:

Hand Weapons
 a - a +0 war axe of chaos (weapon)
Armour
 b - a +0 scale mail (worn)
 c - a +1 buckler
 k - a +0 tower shield (worn)
Jewellery
 f - a ring of wizardry (left hand)
 g - a ring of fire
 i - a +5 ring of evasion (right hand)
Scrolls
 e - 2 scrolls of butterflies
 m - a scroll of amnesia {unknown}
 n - a scroll of teleportation {unknown}
Potions
 d - a potion of might
 h - a potion of degeneration {unknown}
 j - a potion of heal wounds {unknown}
 l - a potion of curing {unknown}


   Skills:
 - Level 3.2 Fighting
 - Level 2.1 Axes
 + Level 3.5 Armour
 * Level 2.5 Dodging
 + Level 3.5 Shields


You had 4 spell levels left.
You didn't know any spells.
Your spell library contained the following spells:

 Spells                   Type           Power      Damage    Failure   Level
 Magic Dart               Conj           0%         1d3       98%         1
 Searing Ray              Conj           0%         2d4       99%         2
 Fulminant Prism          Conj/Hex       0%         3d5       100%        4


Dungeon Overview and Level Annotations

Branches:
Dungeon (3/15)

Altars:


Innate Abilities, Weirdness & Mutations

A meltable shield of frost defends you. (SH +4)
You have a small tail.


Message History

You closely miss something.
Your tail-slap misses something.
Something hits you but does no damage. Something hits you.
You completely miss something. Something hits you but does no damage.
Something barely misses you. Something hits you but does no damage.
A magic dart appears from out of thin air!
The magic dart hits you!
Found a scroll labelled XYTSECRI TERUONT.
Found a stone staircase leading down.
You feel less confused.
You hear some strange, mumbled words.
Something tries to affect you, but you resist.
An orc wizard appears from thin air!
Reactivating autopickup.
The orc wizard hits you with a +0 dagger.
You block the orc's attack. You block the orc wizard's attack.
There is an open door here.
You barely miss the orc. You slash the orc wizard!
The orc wizard hits you but does no damage.
The orc hits you with a +0 whip.
* * * LOW HITPOINT WARNING * * *
You slash the orc!
You kill the orc!
You closely miss the orc wizard.
The orc wizard casts a spell.
The orc wizard flickers and vanishes!
Deactivating autopickup; reactivate with Ctrl-A.
You block the orc's attack.
You hear some strange, mumbled words.
You are confused.
You bump into the rock wall.
Something hits you but does no damage. The orc hits you with a +0 morningstar.
* * * LOW HITPOINT WARNING * * *
You miss something. You hit the orc. Something hits you but does no damage.
The orc hits you with a +0 morningstar.
* * * LOW HITPOINT WARNING * * *
You hear some strange, mumbled words.
A magic dart appears from out of thin air!
The magic dart hits you!
You die...

.....#.... .#...
.......... .#...# .
.........##...... .
............##... .#
#.................... .#
#....# #.............#
.#.#....##+#..............
.#.#........#..{..........
............####@##......#
.......#.......#o###...?.#
...............#)#.o.....#
##......##.....#.#.......#
..............>'..........
...............#......####
##.†......................
##....##..................
......##...#..............


You could see an orc.

Vanquished Creatures
  Natasha (twice) (D:2)
  2 adders (D:2)
  A dart slug (D:1)
  2 worms (D:2)
  4 orcs
  5 bats
  8 endoplasms
  2 giant cockroaches
  8 goblins
  5 hobgoblins
  6 jackals
  2 quokkas (D:2)
  3 ball pythons
  6 frilled lizards
  7 kobolds
  12 rats
75 creatures vanquished.

Notes
Turn   | Place    | Note
-------+----------+-------------------------------------------
     0 | D:1      | lonewolfV2 the Demonspawn Fighter began the quest for the
                  | Orb.
     0 | D:1      | Reached XP level 1. HP: 18/18 MP: 1/1
   207 | D:1      | Gained mutation: A meltable shield of frost defends you.
                  | (SH +4) [demonic ancestry]
   207 | D:1      | Reached XP level 2. HP: 21/24 MP: 2/2
   732 | D:1      | Gained mutation: You have a small tail. [demonic ancestry]
   732 | D:1      | Reached XP level 3. HP: 29/29 MP: 3/3
  1180 | D:2      | Reached skill level 1 in Dodging
  1369 | D:2      | Noticed Natasha
  1380 | D:2      | Killed Natasha
  1381 | D:2      | Reached XP level 4. HP: 35/35 MP: 4/4
  2107 | D:2      | Noticed Natasha
  2114 | D:2      | Killed Natasha
  2115 | D:2      | Reached XP level 5. HP: 38/41 MP: 5/5
  2393 | D:3      | Killed from afar by an orc wizard

Illustrated notes

Levels and vault maps discovered:
D:1:      dpeg_cavernosity, layout_basic, minmay_bisected
D:2:      minmay_angry_zag, layout_basic, uniq_natasha
D:3:      layout_basic, nicolae_dithmenos_through_a_glass_darkly,
          grunt_decor_mini_mirrors

Skill      XL: |  1  2  3  4 |
---------------+-------------+-----
Axes           | 2 |  2.1
Shields        | 3 |  3.5
Armour         | 3 |  3.5
Dodging        | 1 2 |  2.5
Fighting       | |  3.2

Action                     |  1- 3 |  4- 6 || total
---------------------------+-------+-------++-------
  Melee: War axe           |   123 |    72 ||   195
         Tailslap          |     5 |     4 ||     9
    Use: Scroll            |     4 |     1 ||     5
 Armour: Scale mail        |    62 |    28 ||    90
  Dodge: Dodged            |    43 |    31 ||    74
  Block: Buckler           |    47 |    24 ||    71
         Tower shield      |       |    35 ||    35
